 Dungeon Crawl Stone Soup version 0.29-a0-878-g7b45a56547 (webtiles) character file.

Game seed: 16793239099029363201

23 Malachi the Insei (level 2, -1/24 HPs)
             Began as a Demigod Transmuter on July 20, 2022.
             Slain by a hound (4 damage)
             ... on level 4 of the Dungeon.
             The game lasted 00:01:27 (1407 turns).

Malachi the Insei (Demigod Transmuter)              Turns: 1407, Time: 00:01:27

Health: -1/24      AC:  2    Str: 11    XL:     2   Next: 54%
Magic:  7/7        EV: 16    Int: 15    God:
Gold:   33         SH:  0    Dex: 14    Spells: 3/4 levels left

rFire   . . .      SeeInvis .     - Unarmed
rCold   . . .      Faith    .   (no shield)
rNeg    . . .      Spirit   .   a - +0 robe
rPois   .          Reflect  .   (helmet currently unavailable)
rElec   .          Harm     .   (no cloak)
rCorr   .          Rampage  .   (no gloves)
Will    .....                   (boots currently unavailable)
Stlth   +.........              (no amulet)
HPRegen 0.08/turn               g - +4 ring of evasion
MPRegen 0.10/turn               j - ring of flight

@: appendages (expiring), flying
A: horns 2, talons 2, high MP 1, forlorn, divine attributes
a: End Transformation


You were on level 4 of the Dungeon.
You had temporarily grown beastly horns and talons.
You visited 1 branch of the dungeon, and saw 3 of its levels.

You collected 33 gold pieces.

Inventory:

Armour
 a - a +0 robe (worn)
Jewellery
 g - a +4 ring of evasion (left hand)
 j - a ring of flight (right hand)
Scrolls
 c - 3 scrolls of identify {unknown}
 d - 3 scrolls of noise {unknown}
 e - a scroll of teleportation {unknown}
 f - a scroll of fog {unknown}
Potions
 b - a potion of lignification
 h - a potion of invisibility {unknown}
 i - a potion of ambrosia {unknown}


   Skills:
 * Level 1.8 Fighting
 - Level 1.7 Dodging
 * Level 3.2 Unarmed Combat
 - Level 1.7 Spellcasting
 - Level 1.7 Transmutations


You had 3 spell levels left.
You knew the following spells:

 Your Spells              Type           Power      Damage    Failure   Level
a - Beastly Appendage     Tmut           12%        N/A       11%         1

Your spell library contained the following spells:

 Spells                   Type           Power      Damage    Failure   Level
 Wereblood                Tmut           6%         N/A       17%         2
 Spider Form              Tmut/Pois      3%         N/A       43%         3
 Ice Form                 Ice/Tmut       3%         N/A       85%         4


Dungeon Overview and Level Annotations

Branches:
Dungeon (2/15)


Innate Abilities, Weirdness & Mutations

You have temporarily grown beastly horns and talons.
You have an increased reservoir of magic. (+10% MP)
You shall have no god before yourself.
Your divine heritage dramatically boosts your attributes as you level up.


Message History

A hound comes into view.
A hound is nearby!
Casting: Beastly Appendage (safe; 11% risk of failure)
Press: ? - help, Q - select action Dir - look around, f - activate You grow a pair of large bovine horns.
Your feet morph into talons.
Unknown command.
The hound barks!
You hear an angry hiss.
The hound misses you.
You hit the hound but do no damage.
A ball python comes into view.
The hound bites you. x2
The ball python hisses angrily.
You hit the hound but do no damage. The hound closely misses you.
You miss the hound. You claw the hound.
The hound is lightly wounded.
The hound barely misses you.
You closely miss the hound. Your kick misses the hound.
The hound is lightly wounded.
The hound closely misses you. The hound bites you.
You hit the hound. Your kick misses the hound. Your headbutt misses the hound.
The hound is heavily wounded.
Your transformation is almost over.
The hound bites you.
You are too injured to fight recklessly!
You are too injured to fight recklessly!
You are too injured to fight recklessly!
You are too injured to fight recklessly!
You are too injured to fight recklessly!
You hit the hound. You punch the hound.
The hound is severely wounded.
The hound misses you. The hound bites you.
* * * LOW HITPOINT WARNING * * *
You hit the hound but do no damage.
The hound is severely wounded.
The hound bites you.
* * * LOW HITPOINT WARNING * * *
You hit the hound.
The hound is almost dead.
The hound closely misses you. The hound bites you.
You die...

..# ##..# ....
#..# ...
.#..#####.#
.....Sh@..#
...#####..#
....>....#
#.#####.#######
#..............
#######.#######
#.# #.. ####


You could see a hound and a ball python.

Vanquished Creatures
  4 endoplasms (D:1)
  A giant cockroach (D:1)
  A goblin (D:1)
  2 hobgoblins (D:1)
  4 kobolds (D:1)
  A ball python (D:1)
  2 bats (D:1)
  5 rats (D:1)
20 creatures vanquished.

Notes
Turn   | Place    | Note
-------+----------+-------------------------------------------
     0 | D:1      | Malachi the Demigod Transmuter began the quest for the Orb.
     0 | D:1      | Reached XP level 1. HP: 15/15 MP: 5/5
    69 | D:1      | Reached skill level 1 in Fighting
   273 | D:1      | Reached skill level 3 in Unarmed Combat
   549 | D:1      | Reached XP level 2. HP: 23/23 MP: 7/7
  1392 | D:2      | You are sucked into a shaft and drop 2 floors!
  1407 | D:4      | Slain by a hound

Illustrated notes

Levels and vault maps discovered:
D:1:      lightli_arrival_statue_moat, layout_loops_corners
D:2:      layout_loops_ring, serial_shops, nicolae_shop_behind_doors,
          st_stairs_8
D:4:      layout_loops_ring, nemelex_diamond_rough_becter

Skill      XL: |  1 |
---------------+----+-----
Fighting       | 1 |  1.8
Unarmed Combat | 3 |  3.2
Dodging        | |  1.7
Spellcasting   | |  1.7
Transmutations | |  1.7

Action                   || total
-------------------------++-------
Melee: Unarmed           ||    68
       Kick              ||     5
       Headbutt          ||     1
       Punch             ||     1
 Cast: Beastly Appendage ||     6
 Stab: Sleeping          ||     1
Armor: Robe              ||    10
Dodge: Dodged            ||    47

Table legend: (Time is in decaauts)
 A = Elapsed time spent in this place.
 B = Non-inter-level travel time spent in this place.
 C = Inter-level travel time spent in this place.
 D = Time resting spent in this place.
 E = Time spent auto-exploring this place.
 F = Levels seen in this place.
 G = Mean time per level.
                   A        B        C        D        E       F      G
               +--------+--------+--------+--------+--------+-----+--------+
         Total |   1401 |   1373 |     28 |    250 |    966 |   3 |  467.0 |
       Dungeon |   1401 |   1373 |     28 |    250 |    966 |   3 |  467.0 |
               +--------+--------+--------+--------+--------+-----+--------+

Top non-repeatable levels by time:
     D:1: 1387 daAuts
     D:4: 14 daAuts
